 Dungeon Crawl Stone Soup version 0.27.1-3-gb3d3a73c9e (webtiles) character file.

Game seed: 12820859790340870208

84 Descartes the Covert (level 4, -5/34 HPs)
             Began as a Spriggan Delver on Oct 18, 2021.
             Slain by an orc (7 damage)
             ... on level 3 of the Dungeon.
             The game lasted 00:04:21 (2605 turns).

Descartes the Covert (Spriggan Delver)              Turns: 2605, Time: 00:04:22

Health: -5/34      AC: 22    Str:  9    XL:     4   Next: 24%
Magic:  5/5        EV:  4    Int: 13    God:
Gold:   95         SH:  0    Dex: 16    Spells: 3/3 levels left

rFire    . . .     SeeInvis +   a - +0 short sword
rCold    . . .     Faith    .   (shield restricted)
rNeg     + + +     Spirit   .   (armour currently unavailable)
rPois    +         Reflect  .   (helmet currently unavailable)
rElec    .         Harm     .   (cloak currently unavailable)
rCorr    .         Rampage  .   (gloves unavailable)
Will     .....     NoTele   +   (boots unavailable)
Stlth    ++++......             (no amulet)
HPRegen  0.11/turn              i - +4 ring of slaying
MPRegen  0.09/turn              (no ring)

@: brilliant, tree-form
A: stationary, stasis, torment immunity, boosted hp, very small, no large
weapons, unfitting armour, see invisible, (speed 3), clever 1, passive freeze,
subdued magic 1
a: no special abilities


You were on level 3 of the Dungeon.
You were a tree.
You visited 1 branch of the dungeon, and saw 5 of its levels.

You collected 95 gold pieces.

Inventory:

Hand Weapons
 a - a +0 short sword (weapon)
 r - a +0 hunting sling
Missiles
 h - 23 sling bullets
 j - 8 curare-tipped darts (quivered)
 p - 56 stones
 t - 13 poisoned darts
 v - 8 boomerangs
Armour
 b - a +0 robe (melded)
 o - a +0 cloak (melded)
Jewellery
 i - a +4 ring of slaying (left branch)
Wands
 g - a wand of digging (3)
Scrolls
 c - a scroll of fog
 d - 3 scrolls of magic mapping
 e - a scroll of fear
 k - a scroll of torment {unknown}
 l - a scroll of identify {unknown}
 m - 2 scrolls of teleportation {unknown}
 s - a scroll of holy word {unknown}
Potions
 f - a potion of haste


   Skills:
 - Level 2.4 Fighting
 + Level 3.0 Short Blades
 + Level 3.7 Dodging
 * Level 8.5 Stealth
 + Level 1.2 Hexes


You had 3 spell levels left.
You didn't know any spells.
Your spell library contained the following spells:

 Spells                   Type           Power      Damage    Failure   Level
 Ensorcelled Hibernation  Hex/Ice        2%         N/A       32%         2
 Spider Form              Tmut/Pois      0%         N/A       63%         3
 Shadow Creatures         Summ           N/A        N/A       100%        6


Dungeon Overview and Level Annotations

Branches:
Dungeon (5/15)
 Temple: D:4-7

Altars:


Innate Abilities, Weirdness & Mutations

You are a tree.
Your roots penetrate the ground, keeping you stationary.
You cannot be teleported.
You are immune to unholy pain and torment.
Your maximum health is greatly increased.
Your equipment is partially melded.
You are very small and have problems with some larger weapons.
You are too small for most types of armour.
You have supernaturally acute eyesight. (SInv)
((You cover ground extremely quickly. (Speed+++)))
Your mind is acute. (Int +2)
A frigid envelope surrounds you and freezes all who hurt you.
Your spells are a little easier to cast, but a little less powerful.


Message History

You hit the orc.
You kill the orc!
Things that are here:
a +0 whip; a +0 leather armour; an orc corpse You hit the orc.
The orc is heavily wounded.
The orc barely misses you.
You hit the orc.
The orc is heavily wounded.
The orc hits you but does no damage.
You closely miss the orc.
The orc is heavily wounded.
The orc misses you. The orc completely misses you.
You barely miss the orc.
The orc is heavily wounded.
The orc misses you. The orc closely misses you.
You completely miss the orc.
The orc is heavily wounded.
The orc misses you. The orc hits you with a +0 short sword.
You hit the orc.
The orc is severely wounded.
The orc closely misses you. x2
The orc priest calls down the wrath of Beogh upon you.
Beogh smites you!
Ouch! That really hurt!
* * * LOW HITPOINT WARNING * * *
It was a potion of lignification.
You turn into a tree.
Your +0 cloak melds into your body.
Your +0 robe melds into your body.
Your roots penetrate the ground.
The orc hits you but does no damage. x2
It was a potion of brilliance.
You feel clever all of a sudden. The orc barely misses you.
The orc hits you but does no damage.
It was a potion of mutation.
You feel extremely strange.
You feel clever.
Your connection to magic feels subdued.
Your skin feels very cold.
The orc hits you but does no damage. The orc barely misses you.
You barely miss the orc.
The orc is severely wounded.
The orc hits you from afar with a +0 trident!
You die...

#.##.# #.........
#.#..#####.###.....
#..........# #.....
#####......####
#..... #.....###.##
##.... #..###.#
#.#########... ..
#.# #........##..#
#.# ########....##
#♣# #####.#.## #o#
#........#


oo# #>####.#.# #.## #.# #...# .. #.# ###.. #.# ####.######.# #. #...)........ #.
#...##..###...# #..# ##.....#.# You could see an orc priest and 2 orcs.

Vanquished Creatures
  Jessica (D:2)
  2 adders
  A dart slug (D:1)
  An orc (D:3)
  4 bats
  4 endoplasms
  A giant cockroach (D:2)
  5 goblins
  A hobgoblin (D:2)
  3 quokkas
  4 ball pythons (D:2)
  A frilled lizard (D:3)
  4 kobolds
  3 rats
35 creatures vanquished.

Notes
Turn   | Place    | Note
-------+----------+-------------------------------------------
     0 | D:5      | Descartes the Spriggan Delver began the quest for the Orb.
     0 | D:5      | Reached XP level 1. HP: 11/11 MP: 2/2
    32 | D:5      | Reached XP level 2. HP: 16/16 MP: 3/3
    38 | D:4      | Noticed a scorpion
   657 | D:1      | Reached skill level 8 in Stealth
   772 | D:1      | Reached XP level 3. HP: 11/19 MP: 4/4
  1068 | D:1      | Found a faded altar of an unknown god.
  1419 | D:2      | Noticed Jessica
  1427 | D:2      | Killed Jessica
  1428 | D:2      | Reached skill level 1 in Hexes
  1922 | D:2      | Reached XP level 4. HP: 23/23 MP: 5/5
  2601 | D:3      | HP: 1/23 [orc priest/divine providence (16)]
  2604 | D:3      | Gained mutation: Your mind is acute. (Int +2) [potion of
                  | mutation]
  2604 | D:3      | Gained mutation: Your spells are a little easier to cast,
                  | but a little less powerful. [potion of mutation]
  2604 | D:3      | Gained mutation: A frigid envelope surrounds you and
                  | freezes all who hurt you. [potion of mutation]
  2605 | D:3      | Slain by an orc

Illustrated notes

Levels and vault maps discovered:
D:1:      amcnicky_arrival_gap_in_the_tavern_cellar, layout_basic,
          basic_ecumenical_altar
D:2:      layout_loops_cross, hangedman_decor_push, minivault_14,
          grunt_decor_arrowhead, minmay_puff, uniq_jessica
D:3:      layout_rooms, serial_shops, shop
D:4:      layout_rooms, nicolae_tso_carved_into_rock, uniq_edmund
D:5:      layout_basic, kennysheep_slug_shrine, minmay_temple_entry_fiery

Skill      XL: |  1  2  3  4 |
---------------+-------------+-----
Dodging        | 3 |  3.7
Stealth        | 8 |  8.5
Hexes          | 1 |  1.2
Short Blades   | 3 |  3.0
Fighting       | |  2.4

Action                   |  1- 3 |  4- 6 || total
-------------------------+-------+-------++-------
Melee: Short sword       |    48 |    27 ||    75
  Use: Potion            |       |     4 ||     4
 Stab: Sleeping          |    17 |       ||    17
Armor: Robe              |     2 |     5 ||     7
       Skin              |       |     4 ||     4
Dodge: Dodged            |    16 |    41 ||    57
